 Dungeon Crawl Stone Soup version 0.30.0-20-g3615ddf2f0 (webtiles) character file.

Game seed: 10651684747598800438

2956 qw the Blocker (level 9, -1/54 HPs)
             Began as a Gargoyle Fighter on June 2, 2023.
             Slain by a wight
             ... wielding a +0 halberd
             ... summoned by an orange crystal statue
              (5 damage)
             ... on level 8 of the Dungeon.
             The game lasted 00:03:33 (6390 turns).

qw the Blocker (Gargoyle Fighter)                   Turns: 6390, Time: 00:03:34

Health: -1/54      AC: 16    Str: 28 (29) XL:     9   Next: 81%
Magic:  0/9        EV:  8    Int: 11 (13) God:
Gold:   359        SH: 16    Dex: 14      Spells: 8/8 levels left

rFire   . . .        Y - +1 war axe (protect)
rCold   . . .        p - +0 tower shield
rNeg    + . .        f - +0 chain mail
rPois   inf          (no helmet)
rElec   +            k - +0 cloak
rCorr   .            (no gloves)
SInv    .            (no boots)
Will    +....        (no amulet)
Stlth   x              - +6 ring of strength
HPRegen 0.29/turn    s - +6 ring of dexterity
MPRegen 0.11/turn

%: no passive effects
@: no status effects
A: sickness immunity, AC +6, negative energy resistance 1, electricity
resistance, torment resistance 1, petrification resistance, clever 1,
strong-willed 1
a: no special abilities


You were on level 8 of the Dungeon.
You visited 2 branches of the dungeon, and saw 9 of its levels.
You also visited: Sewer.

You collected 359 gold pieces.


Innate Abilities, Weirdness & Mutations

You are immune to sickness and miasma.
Your stone body is resilient. (AC +6)
You are immune to poison.
You resist negative energy. (rN+)
You are resistant to electric shocks. (rElec)
You are resistant to unholy torment.
You are immune to petrification.
Your mind is acute. (Int +4, Str/Dex -1)
You are strong-willed. (Will+)


   Skills:
 - Level 5.2 Fighting
 + Level 7.1 Axes
 - Level 2.4 Throwing
 - Level 3.2 Armour
 - Level 1.5 Dodging
 - Level 10.9 Shields


You had 8 spell levels left.
You didn't know any spells.
Your spell library was empty.

Inventory:

Hand Weapons
 n - a +0 morningstar
 Y - a +1 war axe of protection (weapon)
Missiles
 g - 3 javelins (quivered)
Armour
 f - a +0 chain mail (worn)
 k - a +0 cloak (worn)
 p - a +0 tower shield (worn)
Jewellery
 s - a +6 ring of dexterity (right hand)
 x - a +6 ring of strength (left hand)
Wands
 u - a wand of digging (6)
Scrolls
 q - a scroll of identify
 w - a scroll of teleportation
Potions
 b - a potion of cancellation
 d - 2 potions of might
 e - a potion of lignification
 h - 2 potions of attraction
 o - a potion of resistance {unknown}
 r - a potion of flight {unknown}
 t - 2 potions of haste
 v - a potion of mutation

Dungeon Overview and Level Annotations

Branches:
Dungeon (8/15)             Temple (1/1) D:6           Sewer (visited)
   Lair: D:8-11

Altars:
Cheibriados
Dithmenos
Elyvilon
Fedhas
Hepliaklqana
Qazlal
Ru
Trog
Uskayaw
Vehumet
Wu Jian
Xom
Zin
The Shining One

Shops:
D:1 :   D:6 (

Portals:
Abyss: D:7

Annotations:
D:5 3 runed translucent doors, qw's ghost, novice GrFi
D:7 2 transporters, qw's ghost, novice GrFi


Message History

The wight hits you from afar with a +1 halberd.
The wight hits you but does no damage. The orc hits you but does no damage.
The wight closely misses you. The wight hits you but does no damage.
The orc hits you but does no damage. The wight barely misses you.
The wight hits you but does no damage.
The wight barely misses you. x2; The orc hits you with a +0 dagger. x2
The wight hits you but does no damage.
You feel less confused.
The orange crystal statue glitters.
You are confused.
The wight closely misses you.
The wight hits you but does no damage. x2
The orc barely misses you.
The wight hits you with a +2 vampiric halberd.
The orc closely misses you. The wight barely misses you.
The orange crystal statue fixes its piercing gaze on you.
You feel your power leaking away. The wight hits you but does no damage.
The wight hits you with a +2 vampiric halberd!
The wight hits you from afar with a +0 halberd!
The wight completely misses you. The wight hits you but does no damage.
The orc hits you but does no damage. The orc completely misses you.
6387 ||| DRINKING potion of heal wounds.
You feel much better. The wight hits you with a +0 dagger.
The wight hits you but does no damage. x3
The orc barely misses you. The wight closely misses you.
The orc hits you with a +0 dagger.
The orange crystal statue glitters topaz in the dim dungeon light.
The wight hits you with a +0 dagger. The wight hits you but does no damage.
The wight hits you from afar with a +0 halberd.
The orc hits you but does no damage.
The wight hits you from afar with a +0 spear!
The wight hits you but does no damage. The orc hits you but does no damage.
The wight hits you but does no damage. The wight hits you with a +0 dagger.
The wight hits you but does no damage. The orc barely misses you.
The orc hits you but does no damage. The wight barely misses you.
The wight hits you but does no damage.
You feel less confused. You block the wight's attack. x2
The wight hits you from afar with a +0 halberd.
You die...

..........#
....>.....# ###
#.........###.#
#.........##..##
#.........##...##
#.#######.##....##
#.# #..#...z.##
#.# ##....zz..##
#.# ##..#..@o.#
#.# #####zo8.?#
..# ##.z.## ###
##/## ##


You could see an orange crystal statue, 5 wights and 2 orcs.

Vanquished Creatures
  Sigmund (D:2)
  A wyvern (D:5)
  A water moccasin (D:7)
  2 ice beasts (D:6)
  A sky beast (D:7)
  4 black bears
  An ogre (D:6)
  A phantom (D:6)
  6 bullfrogs
  A gnoll sergeant (D:8)
  6 scorpions
  2 howler monkeys
  A jelly (D:6)
  An orc priest (D:5)
  4 hounds (D:5)
  5 iguanas
  A sleepcap (D:5)
  2 orc wizards
  Natasha (thrice) (D:4)
  Terence (D:1)
  15 adders
  4 gnolls
  5 river rats (Sewer)
  A shadow imp (D:7)
  4 white imps
  An ufetubus (D:7)
  4 worms
  4 dart slugs
  5 orcs
  19 ball pythons
  7 endoplasms
  2 giant cockroaches (D:2)
  8 goblins
  12 hobgoblins
  5 kobolds
  9 quokkas
  8 bats
  3 frilled lizards
  30 rats
191 creatures vanquished.

Notes
Turn   | Place    | Note
-------+----------+-------------------------------------------
     0 | D:1      | qw the Gargoyle Fighter began the quest for the Orb.
     0 | D:1      | Reached XP level 1. HP: 14/14 MP: 1/1
     0 | D:1      | 0 ||| qw: Version: 0.2-a-102-gdf20003
     0 | D:1      | 0 ||| qw: Game counter: 780
     0 | D:1      | 0 ||| qw: Always use a shield: true
     0 | D:1      | 0 ||| qw: God list: Okawaru
     0 | D:1      | 0 ||| qw: Allow faded altars: false
     0 | D:1      | 0 ||| qw: Do Orc after D:15 true
     0 | D:1      | 0 ||| qw: Do second Lair branch before Depths: true
     0 | D:1      | 0 ||| qw: Lair rune preference: random
     0 | D:1      | 0 ||| qw: Plans: Normal, Zot:1-4, Slime:5, God:TSO, Crypt,
                  | Tomb, Pan, Hells, Abyss, Win
     0 | D:1      | 0 ||| PLANNING D:1-11
    46 | D:1      | 46 ||| Stepping ~*~*~tactically~*~*~ (hiding).
   122 | D:1      | Reached XP level 2. HP: 18/19 MP: 2/2
   135 | D:1      | 135 ||| Stepping ~*~*~tactically~*~*~ (hiding).
   138 | D:1      | 138 ||| Stepping ~*~*~tactically~*~*~ (hiding).
   317 | D:1      | Reached skill level 3 in Axes
   336 | D:1      | Reached XP level 3. HP: 23/23 MP: 3/3
   344 | D:1      | 344 ||| Stepping ~*~*~tactically~*~*~ (stealth).
   484 | D:1      | Found Xeevaof's Book Shoppe.
   543 | D:1      | 543 ||| UPGRADING to ring of willpower.
   544 | D:1      | 544 ||| READING scroll labelled UPSARY DIKIU.
   545 | D:1      | 545 ||| READING scroll labelled PUOSETH ONWATACA.
   546 | D:1      | 546 ||| READING scroll labelled RURHAR DUOFRU.
   547 | D:1      | 547 ||| READING scroll labelled ULLOHAETUMY.
   561 | D:2      | Noticed Terence
   562 | D:2      | 562 ||| Stepping ~*~*~tactically~*~*~ (stealth).
   578 | D:2      | 578 ||| FLEEEEING.
   579 | D:2      | 579 ||| STAIRDANCE
   603 | D:2      | 603 ||| STAIRDANCE
   608 | D:1      | HP: 4/23 [Terence/+0 flail (6)]
   613 | D:1      | Killed Terence
   614 | D:1      | Reached XP level 4. HP: 7/28 MP: 4/4
   704 | D:1      | 704 ||| DROPPING +0 club.
   760 | D:2      | 760 ||| Stepping ~*~*~tactically~*~*~ (stealth).
   777 | D:2      | 777 ||| Stepping ~*~*~tactically~*~*~ (stealth).
   810 | D:2      | Noticed Sigmund
   820 | D:2      | Killed Sigmund
   821 | D:2      | Reached XP level 5. HP: 32/32 MP: 5/5
   821 | D:2      | Reached XP level 6. HP: 37/37 MP: 6/6
  1081 | D:2      | 1081 ||| Stepping ~*~*~tactically~*~*~ (stealth).
  1082 | D:2      | 1082 ||| Stepping ~*~*~tactically~*~*~ (stealth).
  1212 | D:2      | 1212 ||| UPGRADING to +0 chain mail.
  1222 | D:2      | 1222 ||| DROPPING +0 scale mail.
  1223 | D:2      | 1223 ||| UPGRADING to +0 cloak.
  1228 | D:2      | 1228 ||| READING scroll labelled JOESI LITE.
  1229 | D:2      | 1229 ||| READING scroll labelled ZOCRUOTULUF.
  1325 | D:3      | 1325 ||| Stepping ~*~*~tactically~*~*~ (stealth).
  1520 | D:3      | 1520 ||| Stepping ~*~*~tactically~*~*~ (hiding).
  1687 | D:3      | You fall into a shaft and drop 1 floor!
  1688 | D:4      | 1688 ||| PLANNING SEWER
  1748 | D:4      | 1748 ||| Stepping ~*~*~tactically~*~*~ (stealth).
  1752 | D:4      | 1752 ||| Stepping ~*~*~tactically~*~*~ (hiding).
  1781 | D:4      | 1781 ||| Stepping ~*~*~tactically~*~*~ (stealth).
  1850 | D:4      | Noticed Natasha
  1851 | D:4      | 1851 ||| Stepping ~*~*~tactically~*~*~ (hiding).
  1852 | D:4      | 1852 ||| Stepping ~*~*~tactically~*~*~ (hiding).
  1863 | D:4      | Killed Natasha
  1864 | D:4      | Reached skill level 1 in Throwing
  1910 | D:4      | Found a glowing drain.
  1911 | D:4      | 1911 ||| UPGRADING to +0 tower shield.
  1921 | D:4      | 1921 ||| DROPPING +0 buckler.
  1922 | D:4      | 1922 ||| READING scroll labelled XAKUETHIFE.
  1923 | D:4      | 1923 ||| READING scroll labelled HESHRA GIDOO.
  1924 | D:4      | 1924 ||| READING scroll labelled CIOBAS KAMEPH.
  1925 | D:4      | 1925 ||| DRINKING 2 white potions.
  1936 | Sewer    | Entered a sewer
  1951 | Sewer    | 1951 ||| Stepping ~*~*~tactically~*~*~ (water).
  2134 | Sewer    | Reached skill level 4 in Shields
  2207 | Sewer    | 2207 ||| Stepping ~*~*~tactically~*~*~ (water).
  2214 | Sewer    | Reached XP level 7. HP: 39/42 MP: 7/7
  2259 | Sewer    | 2259 ||| Stepping ~*~*~tactically~*~*~ (stealth).
  2260 | Sewer    | 2260 ||| Stepping ~*~*~tactically~*~*~ (stealth).
  2266 | Sewer    | 2266 ||| Stepping ~*~*~tactically~*~*~ (stealth).
  2318 | Sewer    | 2318 ||| Stepping ~*~*~tactically~*~*~ (water).
  2322 | Sewer    | Reached skill level 5 in Shields
  2344 | Sewer    | 2344 ||| READING scroll labelled UZUHEN GECS.
  2348 | Sewer    | 2348 ||| READING scroll labelled MOGEAK PIHESA.
  2375 | D:4      | 2375 ||| PLANNING D:1-11
  2438 | D:4      | Noticed Natasha
  2439 | D:4      | 2439 ||| Stepping ~*~*~tactically~*~*~ (hiding).
  2441 | D:4      | 2441 ||| Stepping ~*~*~tactically~*~*~ (hiding).
  2453 | D:4      | Killed Natasha
  2597 | D:3      | 2597 ||| READING scroll labelled FUERIF DUAFFUB.
  2668 | D:4      | Noticed Natasha
  2682 | D:4      | Killed Natasha
  2683 | D:4      | Reached skill level 6 in Shields
  3293 | D:4      | 3293 ||| DROPPING ring of flight.
  3294 | D:4      | 3294 ||| READING scroll labelled FYSUNA YDAA.
  3295 | D:4      | 3295 ||| DRINKING 2 fizzy cyan potions.
  3295 | D:4      | Gained mutation: You occasionally lose the ability to read
                  | scrolls when taking damage. [potion of mutation]
  3295 | D:4      | Gained mutation: You passively map a small area around you.
                  | [potion of mutation]
  3296 | D:4      | 3296 ||| DRINKING potion of mutation.
  3296 | D:4      | Lost mutation: You occasionally lose the ability to read
                  | scrolls when taking damage. [potion of mutation]
  3296 | D:4      | Lost mutation: You passively map a small area around you.
                  | [potion of mutation]
  3296 | D:4      | Gained mutation: You are strong-willed. (Will+) [potion of
                  | mutation]
  3296 | D:4      | Gained mutation: Your mind is acute. (Int +4, Str/Dex -1)
                  | [potion of mutation]
  3337 | D:5      | Entered Level 5 of the Dungeon
  3337 | D:5      | Found a runed translucent gate.
  3337 | D:5      | Found a runed translucent gate.
  3337 | D:5      | Found a runed translucent gate.
  3368 | D:5      | Reached skill level 7 in Shields
  3389 | D:5      | Reached XP level 8. HP: 43/48 MP: 8/8
  3426 | D:5      | Noticed qw's ghost (novice GrFi)
  3429 | D:5      | 3429 ||| Stepping ~*~*~tactically~*~*~ (stealth).
  3441 | D:5      | 3441 ||| FLEEEEING.
  3442 | D:5      | 3442 ||| FLEEEEING.
  3443 | D:5      | 3443 ||| FLEEEEING.
  3444 | D:5      | 3444 ||| FLEEEEING.
  3445 | D:5      | 3445 ||| FLEEEEING.
  3446 | D:5      | 3446 ||| FLEEEEING.
  3447 | D:5      | 3447 ||| STAIRDANCE
  3563 | D:5      | 3563 ||| DROPPING +0 flail.
  3581 | D:5      | Noticed a wyvern
  3586 | D:5      | Killed a wyvern
  3587 | D:5      | Reached skill level 8 in Shields
  3686 | D:5      | 3686 ||| Stepping ~*~*~tactically~*~*~ (stealth).
  3750 | D:5      | 3750 ||| Stepping ~*~*~tactically~*~*~ (stealth).
  3752 | D:5      | 3752 ||| Stepping ~*~*~tactically~*~*~ (hiding).
  3753 | D:5      | 3753 ||| Stepping ~*~*~tactically~*~*~ (hiding).
  3754 | D:5      | 3754 ||| Stepping ~*~*~tactically~*~*~ (hiding).
  3755 | D:5      | 3755 ||| Stepping ~*~*~tactically~*~*~ (hiding).
  3871 | D:5      | 3871 ||| Stepping ~*~*~tactically~*~*~ (stealth).
  3887 | D:5      | Reached skill level 9 in Shields
  3924 | D:5      | Reached skill level 6 in Axes
  3931 | D:5      | 3931 ||| DROPPING +2 heavy flail.
  3997 | D:5      | 3997 ||| Stepping ~*~*~tactically~*~*~ (stealth).
  4112 | D:5      | 4112 ||| READING scroll labelled GOSUER TENIO.
  4113 | D:5      | 4113 ||| DRINKING 2 golden potions.
  4114 | D:5      | 4114 ||| DRINKING 2 fuming amethyst potions.
  4115 | D:5      | 4115 ||| READING 2 scrolls of identify.
  4115 | D:5      | 4115 ||| IDENTIFYING bubbling ruby potion
  4116 | D:5      | 4116 ||| DROPPING potion of brilliance.
  4148 | D:6      | Reached skill level 10 in Shields
  4148 | D:6      | Reached XP level 9. HP: 52/52 MP: 9/9
  4335 | D:6      | Found Tonlafiu's Weapon Shop.
  4596 | D:6      | Reached skill level 1 in Dodging
  4601 | D:6      | Found a staircase to the Ecumenical Temple.
  4602 | D:6      | 4602 ||| PLANNING TEMPLE
  4602 | D:6      | 4602 ||| UPGRADING to +6 ring of dexterity.
  4603 | D:6      | 4603 ||| READING scroll labelled LET VUSTYR.
  4604 | D:6      | 4604 ||| DRINKING 2 red potions.
  4656 | D:6      | 4656 ||| DRINKING 2 ruby potions.
  4657 | D:6      | 4657 ||| READING 3 scrolls of identify.
  4657 | D:6      | 4657 ||| IDENTIFYING fizzy clear potion
  4658 | D:6      | 4658 ||| READING 2 scrolls of identify.
  4658 | D:6      | 4658 ||| IDENTIFYING fuming coppery potion
  4659 | D:6      | 4659 ||| DROPPING potion of degeneration.
  4665 | Temple   | Entered the Ecumenical Temple
  4869 | Temple   | 4869 ||| PLANNING D:1-11
  5233 | D:6      | Identified the +6 spear "Idoh" {venom, *Noise rF++ rCorr}
  5638 | D:7      | 5638 ||| Stepping ~*~*~tactically~*~*~ (hiding).
  5744 | D:7      | Found a transporter.
  5795 | D:7      | 5795 ||| Stepping ~*~*~tactically~*~*~ (stealth).
  5835 | D:7      | Noticed a cyan ugly thing
  5843 | D:7      | Found a transporter.
  5843 | D:7      | Noticed qw's ghost (novice GrFi)
  5847 | D:7      | Found a one-way gate to the infinite horrors of the Abyss.
  5854 | D:7      | Noticed an ancient zyme
  6062 | D:7      | 6062 ||| UPGRADING to +6 ring of strength.
  6064 | D:7      | 6064 ||| DROPPING ring of willpower.
  6065 | D:7      | 6065 ||| READING scroll labelled UTICIKU LEBBE.
  6102 | D:7      | 6102 ||| READING 3 scrolls of identify.
  6102 | D:7      | 6102 ||| IDENTIFYING silvery potion
  6103 | D:7      | 6103 ||| READING 2 scrolls of identify.
  6103 | D:7      | 6103 ||| IDENTIFYING glowing blue potion
  6104 | D:7      | 6104 ||| DROPPING potion of ambrosia.
  6105 | D:7      | 6105 ||| DROPPING potion of invisibility.
  6292 | D:8      | Noticed an orange crystal statue
  6377 | D:8      | 6377 ||| DRINKING potion of curing.
  6377 | D:8      | 6377 ||| (to cure confusion)
  6386 | D:8      | HP: 10/54 [wight/+2 vampiric halberd[an orange crystal
                  | statue] (13)]
  6386 | D:8      | HP: 2/54 [wight/+0 halberd[an orange crystal statue] (8)]
  6387 | D:8      | 6387 ||| DRINKING potion of heal wounds.
  6390 | D:8      | Slain by a wight

Levels and vault maps discovered:
D:1:      dpeg_chamrin_arrival_tetris, layout_basic, serial_shops,
          nicolae_shop_pleasant_corner_grove
D:2:      layout_rooms, minmay_misc_feat_roman, uniq_sigmund, uniq_terence
D:3:      layout_rooms, chequers_serial_rivers_marsh
D:4:      layout_cave_pods, cheibrodos_sewer_entry_bend, minmay_bisected,
          uniq_natasha
D:5:      minmay_octagon_keep, layout_rooms, gammafunk_ghost_split, hex_medium
D:6:      layout_basic, minmay_temple_entry_tees, serial_shops,
          nicolae_shop_bloodbath_and_beyond, minmay_checkerbox
D:7:      layout_loops_ring, gammafunk_ghost_abyssal_escape
D:8:      minmay_separated_statues, layout_basic, serial_shops,
          nicolae_shop_tiny_waterfront, uniq_psyche
Temple:   dpeg_chambers_temple

Skill      XL: |  1  2  3  4  5  6  7  8  9 |
---------------+----------------------------+-----
Axes           | 2 3 5 6 7 |  7.1
Throwing       | 1 2 |  2.4
Shields        | 4 7 10 | 10.9
Fighting       | 4 5 |  5.2
Dodging        | 1 |  1.5
Armour         | |  3.2

Action                     |  1- 3 |  4- 6 |  7- 9 || total
---------------------------+-------+-------+-------++-------
  Melee: War axe           |    82 |   173 |   273 ||   528
         Unarmed           |       |       |     7 ||     7
  Throw: Javelin           |       |    22 |    70 ||    92
    Use: Scroll            |     4 |     5 |    12 ||    21
         Potion            |       |     1 |     8 ||     9
 Armour: Scale mail        |    33 |    21 |       ||    54
         Chain mail        |       |    94 |   177 ||   271
  Dodge: Dodged            |    31 |    55 |    66 ||   152
  Block: Buckler           |    13 |    15 |       ||    28
         Tower shield      |       |    48 |   220 ||   268

Table legend:
 A = Non-vault XP
 B = Vault XP
 C = Vault XP percentage of total XP
 D = Non-vault monster count
 E = Vault monster count
 F = Vault count percentage of total count
                 A         B        C        D         E       F
            +---------+---------+-------+---------+---------+-------
      Total |    2645 |    1579 |  37.4 |     123 |      68 |  35.6
            +---------+---------+-------+---------+---------+-------
        D:1 |      43 |      36 |  45.6 |      27 |       1 |   3.6
        D:2 |      64 |     231 |  78.3 |      21 |       1 |   4.5
        D:3 |      54 |       0 |   0.0 |      17 |       0 |   0.0
        D:4 |     174 |      44 |  20.2 |      19 |       4 |  17.4
        D:5 |     749 |     574 |  43.4 |      15 |      12 |  44.4
        D:6 |     574 |     326 |  36.2 |       7 |       4 |  36.4
        D:7 |     858 |       0 |   0.0 |      13 |       0 |   0.0
        D:8 |     129 |       0 |   0.0 |       4 |       0 |   0.0
      Sewer |       0 |     368 | 100.0 |       0 |      46 | 100.0
            +---------+---------+-------+---------+---------+-------
